 Dungeon Crawl Stone Soup version 0.16-a0-734-gc254e8c (webtiles) character file.

373 PolkaDot the Insei (level 6, 0/55 HPs)
             Began as a Draconian Monk on Sept 22, 2014.
             Was a Believer of Qazlal.
             Slain by an orc wizard
             ... wielding a +0 dagger
              (1 damage)
             ... on Level 6 of the Dungeon.
             The game lasted 00:08:01 (2921 turns).

PolkaDot the Insei (Draconian Monk)                 Turns: 2921, Time: 00:08:01

HP   0/55        AC  6     Str 14      XL: 6   Next: 43%
MP   6/6         EV 14     Int 10      God: Qazlal [**....]
Gold 119         SH  2     Dex 15      Spells:  0 memorised,  5 levels left

rFire  . . .     SeeInvis +       - Unarmed
rCold  . . .     Clarity  .     (armour unavailable)
rNeg   . . .     rCorr    .     (no shield)
rPois  .         rRot     .     (helmet restricted)
rElec  .         Spirit   .     (no cloak)
SustAb .         Warding  .     (no gloves)
rMut   .         Stasis   .     (no boots)
Gourm  .                        (no amulet)
MR     .....                    (no ring)
                                n - ring of see invisible

@: very slightly contaminated, invisible, not resistant to hostile enchantments,
unstealthy
A: unfitting armour, cold-blooded, AC +6
a: Upheaval, Renounce Religion


You were on level 6 of the Dungeon.
You worshipped Qazlal.
Qazlal was pleased with you.
You were not hungry.

You visited 2 branches of the dungeon, and saw 7 of its levels.

You collected 119 gold pieces.

Inventory:

Missiles
 s - 2 javelins (quivered)
Magical devices
 j - a wand of magic darts (5)
Comestibles
 b - 2 bread rations
 c - 2 royal jellies
 d - a chunk of goblin flesh
 f - a chunk of bat flesh
 t - 2 fruits
Scrolls
 a - 3 scrolls of remove curse
 e - a scroll of amnesia {unknown}
 h - a scroll of teleportation {unknown}
 i - a scroll of immolation {unknown}
 k - a scroll of magic mapping
 l - a scroll of fear {unknown}
 o - a scroll of noise {unknown}
 q - a scroll of identify
 x - a scroll of enchant weapon {unknown}
 y - a scroll of recharging {unknown}
Jewellery
 n - a ring of see invisible (left hand)
Potions
 m - 2 potions of cancellation
 p - 2 potions of resistance
 w - a potion of magic {unknown}
 z - a potion of confusion {unknown}
 A - 2 potions of restore abilities {unknown}


   Skills:
 + Level 4.8 Fighting
 - Level 3.9 Dodging
 - Level 1.7 Stealth
 * Level 6.2 Unarmed Combat
 + Level 0.2 Evocations


You had 5 spell levels left.
You didn't know any spells.

Dungeon Overview and Level Annotations

Branches:
Dungeon (6/15)             Temple (1/1) D:6

Altars:
Ashenzari
Elyvilon
Fedhas
Kikubaaqudgha
Nemelex Xobeh
Qazlal
The Shining One


Innate Abilities, Weirdness & Mutations

Your plain brown scales are hard (AC +6).
Your body does not fit into most forms of armour.
Your cold-blooded metabolism reacts poorly to cold.


Message History

The orc wizard seems to speed up.
You hit the orc priest.
The orc priest is moderately wounded.
The orc wizard hits you with a dagger.
* * * LOW HITPOINT WARNING * * *
The orc priest closely misses you.
You punch the orc priest!
The orc priest is heavily wounded.
The orc wizard hits you with a dagger.
* * * LOW HITPOINT WARNING * * *
The orc priest prays to Beogh.
You feel troubled.
The orc priest mumbles some strange prayers to Beogh against you.
Something smites you!
* * * LOW HITPOINT WARNING * * *
The orc priest mumbles some strange prayers to Beogh against you.
Pain shoots through your body!
* * * LOW HITPOINT WARNING * * *
The orc wizard hits you with a dagger.
You die...

*,,*,,,,,,,.* *,,,,,,
*,,*,,,,,,#.* ****,,,,,,
*,,*,,,,,,#.* ##,,,,,,,,,
*,,*,,**+*#.* #..,,**#+#*
*,,*,,**,*#.* #...,* #.#
*,,*,.,,,,#.* #....###.##
*,,*,...,,#.* *#.........
*,,*....o.#.##############.##
*,,*,,,,,#oo@..............#
*,,*.......o##########...###
*,,*,.......* #...#
*,,*,.......* #...#
*,,*,.......* #...#
*,,*,,...#..* #####
*,,****#.#..* *,,* *,,...*
*,,* *,,,,.*


You could see 3 orc priests and an orc wizard.

Vanquished Creatures
  The ghost of Foahim the Shield-Bearer, an average GrFi (D:4)
  2 jellies (D:6)
  A hound (D:4)
  An orc priest (D:6)
  An iguana (D:6)
  A worker ant (D:4)
  An adder (D:6)
  2 worms
  An orc skeleton (D:6)
  2 giant geckos
  An ooze (D:2)
  A ball python (D:2)
  8 bats
  4 giant cockroaches (D:3)
  12 goblins
  6 hobgoblins
  4 jackals (D:3)
  7 kobolds
  3 quokkas
  A giant gecko skeleton (D:4)
  2 giant newts (D:1)
  8 rats
70 creatures vanquished.

Notes
Turn   | Place    | Note
--------------------------------------------------------------
     0 | D:1      | PolkaDot, the Draconian Monk, began the quest for the Orb.
     0 | D:1      | Reached XP level 1. HP: 19/19 MP: 1/1
   285 | D:1      | Reached XP level 2. HP: 5/26 MP: 2/2
   806 | D:2      | Found a sparkling altar of Nemelex Xobeh.
  1209 | D:2      | Reached XP level 3. HP: 26/33 MP: 3/3
  2473 | D:4      | Reached skill level 5 in Unarmed Combat
  2473 | D:4      | Reached XP level 4. HP: 35/40 MP: 4/4
  2538 | D:4      | Noticed Foahim's ghost (average GrFi)
  2588 | D:4      | Killed Foahim's ghost
  2588 | D:4      | Reached XP level 5. HP: 38/47 MP: 5/5
  2694 | D:5      | Entered Level 5 of the Dungeon
  2742 | D:6      | Reached XP level 6. HP: 40/53 MP: 6/6
  2747 | D:6      | Reached skill level 6 in Unarmed Combat
  2773 | D:6      | Noticed an ogre
  2806 | D:6      | Found a staircase to the Ecumenical Temple.
  2827 | Temple   | Entered the Ecumenical Temple
  2846 | Temple   | Became a worshipper of Qazlal Stormbringer
  2846 | Temple   | Acquired Qazlal's first power
  2846 | Temple   | Acquired Qazlal's second power
  2921 | D:6      | HP: 1/55 [orc priest/nerve-wracking pain (4)]
  2921 | D:6      | Slain by an orc wizard

Action                   |  1- 3 |  4- 6 || total
-------------------------+-------+-------++-------
Melee: Unarmed           |   156 |   110 ||   266
Evoke: Wand              |     1 |       ||     1
  Use: Scroll            |       |     7 ||     7
       Potion            |       |     8 ||     8
 Stab: Sleeping          |     2 |       ||     2
       Invisible         |       |    10 ||    10
  Eat: Chunk             |     5 |     2 ||     7
